AoeStats
← DYN_BenderGC

Arabia

510467138Analyzed
1v1 RM · 2d ago on Oct 1, 2026· 33m 2s· 2 players
Game mode
Random Map
Map size
Tiny (2 player)
Population
200
Speed
Normal
Resources
Standard
Victory
Conquest
Starting age
Dark Age
Ending age
Imperial Age
RankedLock teamsTeams togetherTeam positionsShared explorationLock speedFull tech treeHidden civsTurbo modeCheats
Victory
Defeat
🇮🇹 Dravidians · Italy
1742
+12
🇵🇪 Bulgarians · Peru
1650
-12
SiMpSoN
8:38 Loom
10:47 Feudal Age
15:28 Fletching
16:51 Padded Archer Armor
29:42 Castle Age
27:50 Double-Bit Axe
29:52 Scale Barding Armor
30:19 Bodkin Arrow
30:05 Elite Skirmisher
32:46 Crossbowman
DYN_BenderGC
13:10 Feudal Age
13:48 Double-Bit Axe
14:12 Loom
15:30 Fletching
16:54 Padded Archer Armor
18:47 Horse Collar
29:55 Castle Age
30:34 Bodkin Arrow
30:10 Elite Skirmisher
32:13 Bow Saw
Connection lost

Rejoining the realm…

Still unreachable

The connection could not be restored.

Session expired

The server has moved on; the page needs a fresh start.